 Dungeon Crawl Stone Soup version 0.28.0-53-g5a82cb258f (webtiles) character file.

Game seed: 6039258515577584610

187 DildoBatman the Conjurer (level 5, -4/39 HPs)
             Began as a Formicid Conjurer on July 16, 2022.
             Slain by a water moccasin (5 damage)
             ... on level 4 of the Dungeon.
             The game lasted 00:06:48 (3079 turns).

DildoBatman the Conjurer (Formicid Conjurer)        Turns: 3079, Time: 00:06:49

Health: -4/39      AC:  3    Str: 11    XL:     5   Next: 99%
Magic:  1/10       EV: 12    Int: 18    God:
Gold:   149        SH:  0    Dex: 17    Spells: 7/10 levels left

rFire   . . .      SeeInvis +   a - +0 hunting sling
rCold   . . .      Faith    .   (no shield)
rNeg    . . .      Spirit   .   f - +0 robe
rPois   .          Reflect  .   (helmet unavailable)
rElec   .          Harm     .   o - scarf {repulsion}
rCorr   .          Rampage  .   (no gloves)
Will    +....                   p - +0 pair of boots
Stlth   ++........              (no amulet)
HPRegen 0.13/turn               d - ring of willpower
MPRegen 0.12/turn               g - +6 ring of dexterity

@: lethally poisoned (-4 -> -14), repel missiles
A: permanent stasis, dig shafts and tunnels, antennae 3, four strong arms
a: Dig, Shaft Self


You were on level 4 of the Dungeon.
You visited 1 branch of the dungeon, and saw 4 of its levels.

You collected 149 gold pieces.

Inventory:

Hand Weapons
 a - a +0 hunting sling (weapon)
Missiles
 c - 69 arrows
 e - 6 javelins
 l - 20 stones (quivered ammo)
 v - 2 poisoned darts
 w - 29 bolts
Armour
 f - a +0 robe (worn)
 h - a +0 kite shield
 o - a scarf of repulsion (worn)
 p - a +0 pair of boots (worn)
Jewellery
 d - a ring of willpower (left hand)
 g - a +6 ring of dexterity (right hand)
Wands
 u - a wand of iceblast (9)
Scrolls
 b - a scroll of immolation {unknown}
 i - a scroll of summoning {unknown}
 q - 2 scrolls of identify {unknown}
 s - 2 scrolls of torment {unknown}
 t - a scroll of fog {unknown}
Potions
 j - a potion of mutation {unknown}
 k - a potion of brilliance {unknown}
 m - a potion of might {unknown}
 n - 2 potions of invisibility {unknown}
 r - a potion of heal wounds {unknown}


   Skills:
 * Level 2.6 Fighting
 * Level 2.5 Armour
 - Level 2.0 Dodging
 - Level 2.4 Stealth
 * Level 3.3 Spellcasting
 * Level 4.3 Conjurations


You had 7 spell levels left.
You knew the following spells:

 Your Spells              Type           Power      Damage    Failure   Level
a - Searing Ray           Conj           36%        2d5       4%          2
c - Magic Dart            Conj           72%        1d6       2%          1

Your spell library contained the following spells:

 Spells                   Type           Power      Damage    Failure   Level
 Animate Skeleton         Necr           6%         N/A       16%         1
 Apportation              Tloc           6%         N/A       16%         1
 Summon Small Mammal      Summ           12%        N/A       16%         1
 Dazzling Flash           Conj/Hex       20%        N/A       19%         3
 Call Canine Familiar     Summ           3%         N/A       43%         3
 Portal Projectile        Hex/Tloc       6%         N/A       43%         3
 Summon Guardian Golem    Hex/Summ       3%         N/A       43%         3
 Fulminant Prism          Conj/Hex       5%         3d7       54%         4
 Iskenderun's Mystic Bla  Conj/Tloc      10%        2d4       54%         4
 Leda's Liquefaction      Hex/Erth       1%         N/A       83%         4
 Orb of Destruction       Conj           9%         9d6       100%        7
 Spellforged Servitor     Conj/Summ      5%         N/A       100%        7


Dungeon Overview and Level Annotations

Branches:
Dungeon (4/15)
 Temple: D:4-7

Altars:
Xom

Shops:
D:1 =*(![

Annotations:
D:3 exclusion: zombie, Terence


Innate Abilities, Weirdness & Mutations

You cannot be hasted, slowed, berserked, paralysed or teleported.
You can dig through walls and to a lower floor.
You have a pair of large antennae on your head. (SInv)
Your four strong arms can wield two-handed weapons with a shield.


Message History

The water moccasin is heavily wounded.
The water moccasin bites you.
You are poisoned.
The water moccasin poisons you!
The searing ray misses the water moccasin.
You feel very sick. The water moccasin barely misses you.
The searing ray misses the water moccasin.
You finish channelling your searing ray.
You feel very sick. The water moccasin barely misses you.
Casting: Searing Ray (safe; 4% risk of failure)
Confirm with . or Enter, or press ? or * to list all spells.
Aiming: Searing Ray (safe; 4% risk of failure)
Press: ? - help, Shift-Dir - straight line, f/p - water moccasin
Aim: a water moccasin (heavily wounded, 63% to hit)
The searing ray hits the water moccasin.
The water moccasin is heavily wounded.
The searing ray hits the goblin.
You kill the goblin! (Press . to maintain the ray.)
You feel sick. The water moccasin closely misses you.
The water moccasin bites you!
You are lethally poisoned!
The water moccasin poisons you!
The searing ray hits the water moccasin.
The water moccasin is severely wounded.
You feel very sick. The water moccasin barely misses you.
The searing ray hits the water moccasin.
The water moccasin is almost dead.
You feel very sick. The water moccasin bites you.
The water moccasin bites you but does no damage.
You shoot a stone.
The stone barely misses the water moccasin.
You feel very sick. The water moccasin bites you.
You die...

#######......#...###...##......#
#....########..##.#.##......#
.....##......####†...#.##.#..###
.### ######..# #.##.#.##.##.#
##.###.##.#.#..##.#
#...#.##.#...###.#
###.#.#.....## #.# #...#.###.#
#.# ##@.#.# #.## #.#
#S....###.<# #.# ....##...###.#
#.## ..)## ##....#.# #..# .....
#.##.#.# ##.# .?.. #......## #.#
... ####....# #.# (.. #..#.# #.#
#.>..# #.##


You could see a water moccasin.

Vanquished Creatures
  A howler monkey (D:4)
  A hound (D:4)
  An iguana (D:4)
  4 adders
  A worm (D:2)
  A dart slug (D:3)
  3 orcs
  5 bats
  5 endoplasms
  A giant cockroach (D:1)
  6 goblins
  A hobgoblin (D:2)
  2 jackals (D:2)
  A quokka (D:3)
  5 ball pythons
  8 kobolds
  9 rats
55 creatures vanquished.

Notes
Turn   | Place    | Note
-------+----------+-------------------------------------------
     0 | D:1      | DildoBatman the Formicid Conjurer began the quest for the
                  | Orb.
     0 | D:1      | Reached XP level 1. HP: 13/13 MP: 3/3
     4 | D:1      | Found Muefimm's Distillery.
    74 | D:1      | Found Quroan's General Store.
   105 | D:1      | Found Acryixt's Jewellery Emporium.
   119 | D:1      | Found Cuaholel's Weapon Shoppe.
   163 | D:1      | Found Liepep's Antique Armour Boutique.
   852 | D:1      | Reached XP level 2. HP: 20/20 MP: 5/5
   855 | D:1      | Learned a level 2 spell: Searing Ray
  1177 | D:2      | Reached skill level 1 in Fighting
  1177 | D:2      | Reached skill level 1 in Armour
  1177 | D:2      | Reached XP level 3. HP: 20/26 MP: 0/6
  1893 | D:3      | Reached XP level 4. HP: 27/32 MP: 5/8
  2130 | D:3      | Reached skill level 4 in Conjurations
  2214 | D:3      | Found a shimmering altar of Xom.
  2380 | D:3      | Noticed Terence
  2497 | D:3      | Found a faded altar of an unknown god.
  2837 | D:4      | Reached XP level 5. HP: 38/38 MP: 3/9
  3069 | D:4      | Noticed a water moccasin
  3079 | D:4      | HP: 1/39 [poisoned by a water moccasin]
  3079 | D:4      | Slain by a water moccasin

Illustrated notes

Levels and vault maps discovered:
D:1:      dpeg_arrival_arbitrary_b, layout_basic, serial_shops,
          nicolae_shop_bloodbath_and_beyond, shop, shop_fountains, shop, shop
D:2:      layout_loops_ring, serial_forest, infiniplex_forest_clump_large,
          infiniplex_forest_clump_medium, infiniplex_forest_corner_1,
          infiniplex_forest_corner_2, infiniplex_forest_corner_1,
          infiniplex_forest_clump_medium, infiniplex_forest_clump_double,
          infiniplex_forest_clump_tiny, minmay_diced_spiral
D:3:      layout_loops_corners, mainiacjoe_overflow_alcove_2,
          dreamdust_ecumenical_altar_hidden_monk_grotto,
          kennysheep_decorative_pillar, chequers_serial_rivers_small_3,
          uniq_terence
D:4:      layout_rooms, kennysheep_mini_moat

Skill      XL: |  1  2  3  4 |
---------------+-------------+-----
Dodging        | 2 |  2.0
Fighting       | 1 2 |  2.6
Armour         | 1 2 |  2.5
Conjurations   | 4 |  4.3
Spellcasting   | 3 |  3.3
Stealth        | |  2.4

Action                   |  1- 3 |  4- 6 || total
-------------------------+-------+-------++-------
Melee: Spear             |    22 |       ||    22
 Fire: Hunting sling     |     9 |    33 ||    42
 Cast: Magic Dart        |    33 |     9 ||    42
       Searing Ray       |     4 |    12 ||    16
 Stab: Sleeping          |     2 |       ||     2
       Distracted        |     1 |       ||     1
Armor: Robe              |     5 |     2 ||     7
Dodge: Dodged            |    18 |     9 ||    27
